 Dungeon Crawl Stone Soup version 0.29-a0-459-g97dee8cd24 (webtiles) character file.

Game seed: 18057835992172969234

16282 zeratav the Fetichist (level 12, -14/77 HPs)
             Began as a Kobold Hunter on May 20, 2022.
             Was an Initiate of Gozag.
             Demolished by an orc knight
             ... wielding a +0 battleaxe
              (26 damage)
             ... on level 1 of the Orcish Mines.
             The game lasted 00:26:33 (14457 turns).

zeratav the Fetichist (Kobold Hunter)              Turns: 14457, Time: 00:26:34

Health: -14/77     AC: 10    Str: 12    XL:     12   Next: 68%
Magic:  12/12      EV: 27    Int: 11    God:    Gozag
Gold:   2586       SH:  6    Dex: 27    Spells: 11/11 levels left

rFire   + + .      SeeInvis .   a - +2 hand crossbow {crossbow}
rCold   + . .      Faith    .   w - +0 buckler
rNeg    . . .      Spirit   .   v - +3 leather armour
rPois   +          Reflect  .   S - +0 helmet
rElec   +          Harm     .   W - +0 cloak
rCorr   +          Rampage  .   b - +1 pair of gloves of Responsibility {rF+ Str+3 Int+3 Slay+2}
Will    +....                   (no boots)
Stlth   ++++++....              (no amulet)
HPRegen 0.22/turn               g - +4 ring of slaying
MPRegen 0.13/turn               T - ring "Okaph" {Will+ EV+4 Int-2 Dex+4}

@: mighty, resistant, hasted, very quick
A: small, no large weapons, nightstalker 3
a: Renounce Religion, Potion Petition, Call Merchant, Bribe Branch


You were on level 1 of the Orcish Mines.
You worshipped Gozag.
Gozag was most pleased with you.
You visited 2 branches of the dungeon, and saw 13 of its levels.
You also visited: Sewer.

You collected 3564 gold pieces.
You spent 171 gold pieces at shops.
You paid 807 gold pieces to Gozag.


Innate Abilities, Weirdness & Mutations

You are small and have problems with some larger weapons.
You are completely attuned to the shadows.


   Skills:
 - Level 10.0 Fighting
 - Level 10.0 Crossbows
 + Level 1.3 Armour
 - Level 10.0 Dodging
 - Level 10.0 Stealth
 - Level 15.0 Evocations


You had 11 spell levels left.
You didn't know any spells.
Your spell library contained the following spells:

 Spells                   Type           Power      Damage    Failure   Level
 Static Discharge         Conj/Air       0%         N/A       73%         2
 Ignite Poison            Fire/Tmut/Pois 0%         N/A       91%         3
 Mephitic Cloud           Conj/Pois/Air  0%         N/A       91%         3
 Ozocubu's Armour         Ice            0%         N/A       91%         3
 Freezing Cloud           Conj/Ice/Air   0%         6-21      100%        5
 Lightning Bolt           Conj/Air       0%         1d11      100%        5
 Metabolic Englaciation   Hex/Ice        0%         N/A       100%        5
 Maxwell's Capacitive Co  Air            0%         ∞         100%        8
 Polar Vortex             Ice            0%         N/A       100%        9
 Simulacrum               Ice/Necr       Unusable   N/A       N/A         6

Inventory:

Hand Weapons
 a - a +2 hand crossbow (weapon) {crossbow}
 Q - a +1 mace of protection {mace}
   (You took it off an orc on level 1 of the Orcish Mines)
 V - a +2 dagger of protection {short}
   (You took it off an orc wizard on level 1 of the Orcish Mines)
Armour
 b - the +1 pair of gloves of Responsibility (worn) {rF+ Str+3 Int+3 Slay+2}
   (You bought it in a shop on level 3 of the Dungeon)

   Str:       It affects your strength (+3).
   Int:       It affects your intelligence (+3).
   Slay:      It affects your accuracy & damage with ranged weapons and melee
   (+2).
   rF:        It protects you from fire.
 v - a +3 leather armour (worn)
   (You found it on level 3 of the Dungeon)
 w - a +0 buckler (worn)
   (You found it on level 11 of the Dungeon)
 y - a +2 robe of willpower
   (You took it off Erica on level 8 of the Dungeon)
 D - a +2 leather armour of fire resistance
   (You took it off an orc on level 11 of the Dungeon)
 S - a +0 helmet (worn)
   (You found it on level 8 of the Dungeon)
 W - a +0 cloak (worn)
   (You found it on level 7 of the Dungeon)
Jewellery
 g - a +4 ring of slaying (left hand)
   (You found it on level 1 of the Dungeon)
 K - a +6 ring of intelligence
   (You found it on level 7 of the Dungeon)
 O - a ring of protection from fire
   (You found it on level 7 of the Dungeon)
 P - a ring of magical power
   (You found it on level 7 of the Dungeon)
 T - the ring "Okaph" (right hand) {Will+ EV+4 Int-2 Dex+4}
   (You found it on level 6 of the Dungeon)

   [ring of evasion]

   EV:        It affects your evasion (+4).
   Int:       It affects your intelligence (-2).
   Dex:       It affects your dexterity (+4).
   Will:      It increases your willpower.
 X - a ring of flight
   (You found it on level 10 of the Dungeon)
Wands
 i - a wand of digging (6)
   (You found it on level 7 of the Dungeon)
 j - a wand of charming (7)
   (You found it on level 10 of the Dungeon)
 l - a wand of polymorph (9)
   (You found it on level 4 of the Dungeon)
 M - a wand of mindburst (17)
   (You found it on level 5 of the Dungeon)
Scrolls
 c - 3 scrolls of immolation {!r!r}
 h - 3 scrolls of enchant weapon
 m - 4 scrolls of amnesia
 n - a scroll of brand weapon
 q - 6 scrolls of magic mapping {!r}
 r - 2 scrolls of blinking {!r}
 s - 4 scrolls of teleportation {@r4}
 u - 2 scrolls of fear
 x - 2 scrolls of noise {!r}
 z - a scroll of torment {!r}
 C - 3 scrolls of poison {!r}
 E - 4 scrolls of identify {@r1}
 H - a scroll of enchant armour
 J - a scroll of fog
 U - 3 scrolls of vulnerability {!r!r}
Potions
 d - a potion of ambrosia {unknown}
 e - 2 potions of heal wounds {@q2}
 f - 2 potions of brilliance {unknown}
 k - a potion of magic {unknown}
 o - a potion of attraction {unknown}
 p - 6 potions of curing {@q1}
 t - a potion of lignification {unknown}
 A - a potion of berserk rage {!q}
 F - 2 potions of mutation {unknown}
 G - 3 potions of haste {unknown}
 I - 2 potions of might {unknown}
 L - a potion of invisibility {unknown}
 N - 3 potions of degeneration {unknown}
 R - 2 potions of resistance {unknown}

Dungeon Overview and Level Annotations

Branches:
Dungeon (11/15)            Temple (0/1) D:4            Lair (0/6) D:9
    Orc (2/2) D:11          Sewer (visited)
    Elf: Orc:2

Altars:
Dithmenos
Fedhas
Gozag
Kikubaaqudgha
Makhleb
Nemelex Xobeh
Qazlal
Sif Muna
Uskayaw
Wu Jian
Xom
The Shining One

Shops:
D:3 [[!(?   D:5 !   D:7 (

Portals:
Trove: D:10 (give 6 scrolls of blinking)

Annotations:
D:5 1 transporter, xian's ghost, novice DrCj
D:6 1 runed translucent door, OTABOTABOTAB's ghost, novice DrTm

######.......#...###...
##....##.##...#..##....#
##......###.......[......
##......##.............>.#
#....###..................
#.....#...............#...
#####.................#...#..
##...#..................#.....
#............@o........#......
##..................>....$.#.#
####..#......................
###......................#
#......................#[
###.....#...............><.
##.##.#...#.)[.#.........)).
##.............#.............
#.....................##.....


You could see an orc knight.


Message History

You kill the orc warrior!
HP[+1] Shoot: a) +2 hand crossbow {crossbow}
Press: ? - help, Shift-Dir - straight line, f - orc knight
Aim: an orc knight, wielding a +0 battleaxe and wearing a +0 plate armour (78% to hit)
You shoot a bolt. The bolt hits the orc knight.
HP[+1] Shoot: a) +2 hand crossbow {crossbow}
Press: ? - help, Shift-Dir - straight line, f/p - orc knight
Aim: an orc knight, wielding a +0 battleaxe and wearing a +0 plate armour (78% to hit)
You shoot a bolt.
The bolt hits the orc knight but does no damage.
HP[+1] Shoot: a) +2 hand crossbow {crossbow}
Press: ? - help, Shift-Dir - straight line, f/p - orc knight
Aim: an orc knight, wielding a +0 battleaxe and wearing a +0 plate armour (78% to hit)
You shoot a bolt. The bolt barely misses the orc knight.
Shoot: a) +2 hand crossbow {crossbow}
Press: ? - help, Shift-Dir - straight line, f/p - orc knight
Aim: an orc knight, wielding a +0 battleaxe and wearing a +0 plate armour (78% to hit)
You shoot a bolt. The bolt hits the orc knight!
Shoot: a) +2 hand crossbow {crossbow}
Press: ? - help, Shift-Dir - straight line, f/p - orc knight
Aim: an orc knight, wielding a +0 battleaxe and wearing a +0 plate armour (lightly wounded, 78% to hit)
You shoot a bolt. The bolt closely misses the orc knight.
Shoot: a) +2 hand crossbow {crossbow}
Press: ? - help, Shift-Dir - straight line, f/p - orc knight
Aim: an orc knight, wielding a +0 battleaxe and wearing a +0 plate armour (lightly wounded, 78% to hit)
You shoot a bolt.
The bolt completely misses the orc knight.
You block the orc knight's attack.
Shoot: a) +2 hand crossbow {crossbow}
Press: ? - help, Shift-Dir - straight line, f/p - orc knight
Aim: an orc knight, wielding a +0 battleaxe and wearing a +0 plate armour (lightly wounded, 78% to hit)
You shoot a bolt. The bolt hits the orc knight.
You block the orc knight's attack.
Shoot: a) +2 hand crossbow {crossbow}
Press: ? - help, Shift-Dir - straight line, f/p - orc knight
Aim: an orc knight, wielding a +0 battleaxe and wearing a +0 plate armour (lightly wounded, 78% to hit)
You shoot a bolt. The bolt hits the orc knight.
HP[+1] Shoot: a) +2 hand crossbow {crossbow}
Press: ? - help, Shift-Dir - straight line, f/p - orc knight
Aim: an orc knight, wielding a +0 battleaxe and wearing a +0 plate armour (lightly wounded, 78% to hit)
You shoot a bolt.
The bolt completely misses the orc knight.
The orc knight hits you with a +0 battleaxe!
* * * LOW HITPOINT WARNING * * *
HP[-8]
You take 8 damage, and now have 30/77 hp.
Shoot: a) +2 hand crossbow {crossbow}
Press: ? - help, Shift-Dir - straight line, f/p - orc knight
Aim: an orc knight, wielding a +0 battleaxe and wearing a +0 plate armour (lightly wounded, 78% to hit)
You shoot a bolt. The bolt hits the orc knight!
The orc knight hits you with a +0 battleaxe!!
* * * LOW HITPOINT WARNING * * *
HP[-18]
You take 18 damage, and now have 12/77 hp.
MASSIVE DAMAGE!! (PAUSE) Shoot: a) +2 hand crossbow {crossbow}
Press: ? - help, Shift-Dir - straight line, f/p - orc knight
Aim: an orc knight, wielding a +0 battleaxe and wearing a +0 plate armour (moderately wounded, 78% to hit)
You shoot a bolt. The bolt hits the orc knight.
You feel much better. The orc knight completely misses you.
HP[+27]
You regained 27 hp, and now have 39/77 hp.
Shoot: a) +2 hand crossbow {crossbow}
Press: ? - help, Shift-Dir - straight line, f/p - orc knight
Aim: an orc knight, wielding a +0 battleaxe and wearing a +0 plate armour (heavily wounded, 78% to hit)
You shoot a bolt.
The bolt hits the orc knight but does no damage.
The orc knight completely misses you.
Shoot: a) +2 hand crossbow {crossbow}
Press: ? - help, Shift-Dir - straight line, f/p - orc knight
Aim: an orc knight, wielding a +0 battleaxe and wearing a +0 plate armour (heavily wounded, 78% to hit)
You shoot a bolt. The bolt barely misses the orc knight.
The orc knight hits you with a +0 battleaxe!!
* * * LOW HITPOINT WARNING * * *
HP[-18]
You take 18 damage, and now have 21/77 hp.
MASSIVE DAMAGE!! (PAUSE) Shoot: a) +2 hand crossbow {crossbow}
Press: ? - help, Shift-Dir - straight line, f/p - orc knight
Aim: an orc knight, wielding a +0 battleaxe and wearing a +0 plate armour (heavily wounded, 78% to hit)
You shoot a bolt. The bolt hits the orc knight!
Shoot: a) +2 hand crossbow {crossbow}
Press: ? - help, Shift-Dir - straight line, f/p - orc knight
Aim: an orc knight, wielding a +0 battleaxe and wearing a +0 plate armour (severely wounded, 78% to hit)
You shoot a bolt. The bolt hits the orc knight.
The orc knight hits you with a +0 battleaxe!
* * * LOW HITPOINT WARNING * * *
HP[-9]
You take 9 damage, and now have 12/77 hp.
Shoot: a) +2 hand crossbow {crossbow}
Press: ? - help, Shift-Dir - straight line, f/p - orc knight
Aim: an orc knight, wielding a +0 battleaxe and wearing a +0 plate armour (severely wounded, 78% to hit)
You shoot a bolt. The bolt barely misses the orc knight.
The orc knight hits you with a +0 battleaxe!!
You die...
Your body crumbles into a pile of gold.

Skill      XL: |  1  2  3  4  5  6  7  8  9 10 11 12 |
---------------+-------------------------------------+-----
Stealth        | 2 8 10 | 10.0
Crossbows      | 6 8 10 | 10.0
Fighting       | 6 9 10 | 10.0
Dodging        | 8 10 | 10.0
Evocations     | 6 12 15 | 15.0
Armour         | 1 |  1.3

Action                   |  1- 3 |  4- 6 |  7- 9 | 10-12 || total
-------------------------+-------+-------+-------+-------++-------
Melee: Hand crossbow     |       |       |       |     2 ||     2
 Fire: Hand crossbow     |    53 |    87 |   195 |   695 ||  1030
Invok: Potion Petition   |       |       |       |     2 ||     2
  Use: Scroll            |       |     8 |     7 |     2 ||    17
       Potion            |       |       |       |     1 ||     1
Armor: Leather armour    |     1 |     3 |    16 |    45 ||    65
Dodge: Dodged            |     8 |    24 |    44 |   369 ||   445
Block: Buckler           |       |       |       |    26 ||    26

Levels and vault maps discovered:
D:1:      amcnicky_arrival_gap_in_the_tavern_cellar, layout_rooms,
          minmay_heptomino_d4
D:2:      layout_loops_cross, basic_altar, shapermc_ecumenical_altar_acropolis
D:3:      minmay_octagon_keep, layout_rooms, minitemple, serial_shops, shop,
          nicolae_shop_stone, nicolae_shop_stone,
          nicolae_shop_overgrown_old_shop,
          nicolae_shop_competitors_out_of_business, portal_sewer_entry_d,
          chequers_big_river
D:4:      layout_layer_cave, minmay_temple_entry_waves, uniq_duvessa
D:5:      wad_pebble_path, layout_basic, grunt_temple_overflow_open,
          serial_shops, shop_statue, gammafunk_ghost_smash, uniq_prince_ribbit1
D:6:      layout_loops_ring, minmay_overflow_temple_star_quad,
          gammafunk_ghost_grave
D:7:      layout_basic, serial_shops, nicolae_shop_bloodbath_and_beyond,
          minivault_10
D:8:      layout_basic, small_statue_alley_b, grunt_decor_mini_mirrors,
          uniq_erica, uniq_psyche, uniq_joseph
D:9:      layout_basic, lair_entry_dummy, serial_rivers,
          chequers_serial_rivers_micro_a, chequers_serial_rivers_small_3,
          chequers_serial_rivers_small_a, chequers_serial_rivers_micro_d
D:10:     layout_cave_pools, enter_trove_5, uniq_erolcha
D:11:     layout_basic, erik_orc_2
Orc:1:    layout_caves, ebering_ghost_rock_garden, serial_shops, shop,
          uniq_snorg, uniq_nergalle
Orc:2:    st_orc_elflike, layout_caves, basic_altar, serial_shops,
          nicolae_shop_behind_doors, uniq_sonja

Notes
Turn   | Place    | Note
-------+----------+-------------------------------------------
     0 | D:1      | zeratav the Kobold Hunter began the quest for the Orb.
     0 | D:1      | Reached XP level 1. HP: 12/12 MP: 1/1
     0 | D:1      | magus.rc [v1.9.6]
     2 | D:1      | You pick up a book of Winter and begin reading...
     2 | D:1      | You add the spells Ozocubu's Armour, Metabolic Englaciation
                  | and Simulacrum to your library.
    85 | D:1      | Reached XP level 2. HP: 18/18 MP: 2/2
   200 | D:1      | Reached skill level 2 in Stealth
   492 | D:2      | Reached XP level 3. HP: 22/22 MP: 3/3
   668 | D:2      | Reached skill level 6 in Crossbows
   696 | D:2      | Found a faded altar of an unknown god.
   879 | D:2      | Found an opulent altar of Gozag.
  1210 | D:3      | Reached XP level 4. HP: 16/27 MP: 4/4
  1384 | D:3      | Found Virphilu's Antique Weapon Emporium.
  1648 | D:3      | Found a glowing drain.
  1655 | Sewer    | Entered a sewer
  1703 | Sewer    | Reached skill level 7 in Crossbows
  1708 | Sewer    | Noticed Pargi
  1713 | Sewer    | Killed Pargi
  1714 | Sewer    | Reached skill level 8 in Crossbows
  1714 | Sewer    | Reached XP level 5. HP: 24/31 MP: 5/5
  1876 | D:3      | Found Lovesm's Antique Armour Boutique.
  1909 | D:3      | Found Uqin Bai's Distillery.
  1924 | D:3      | Found Nabit's Antique Armour Emporium.
  1992 | D:3      | Reached XP level 6. HP: 36/36 MP: 6/6
  2123 | D:3      | Found a stormy altar of Qazlal.
  2126 | D:3      | Found an ancient bone altar of Kikubaaqudgha.
  2131 | D:3      | Found a blossoming altar of Fedhas.
  2131 | D:3      | Found a shadowy altar of Dithmenos.
  2131 | D:3      | Found a shimmering blue altar of Sif Muna.
  2133 | D:3      | Found an ornate altar of the Wu Jian Council.
  2180 | D:3      | Found Topem's Magic Scroll Shoppe.
  2493 | D:4      | Reached skill level 9 in Crossbows
  2787 | D:4      | Identified a scroll of acquirement
  2793 | D:4      | Acquired 1050 gold pieces
  2832 | D:3      | Bought a pair of steaming gloves for 171 gold pieces
  2832 | D:3      | Identified the +1 pair of gloves of Responsibility {rF+
                  | Str+3 Int+3 Slay+2} (You bought it in a shop on level 3 of
                  | the Dungeon)
  2925 | D:4      | Reached skill level 10 in Crossbows
  2925 | D:4      | Reached XP level 7. HP: 40/40 MP: 7/7
  3091 | D:4      | Reached skill level 3 in Fighting
  3230 | D:4      | Noticed Duvessa
  3238 | D:4      | Killed Duvessa
  3239 | D:4      | Reached skill level 4 in Fighting
  3242 | D:4      | Noticed Dowan
  3247 | D:4      | Killed Dowan
  3348 | D:4      | You add the spells Ignite Poison, Mephitic Cloud and
                  | Freezing Cloud to your library.
  3358 | D:4      | Found a staircase to the Ecumenical Temple.
  3415 | D:2      | Became a worshipper of Gozag Ym Sagoz the Greedy
  3953 | D:5      | Entered Level 5 of the Dungeon
  3959 | D:5      | Reached skill level 5 in Fighting
  3977 | D:5      | Noticed Prince Ribbit
  3984 | D:5      | Killed Prince Ribbit
  3985 | D:5      | Reached skill level 6 in Fighting
  3985 | D:5      | Reached XP level 8. HP: 37/52 MP: 8/8
  4119 | D:5      | You pick up a book of Lightning and begin reading...
  4119 | D:5      | You add the spells Static Discharge, Lightning Bolt and
                  | Maxwell's Capacitive Coupling to your library.
  4309 | D:5      | Found a sparkling altar of Nemelex Xobeh.
  4314 | D:5      | Noticed a troll
  4322 | D:5      | Killed a troll
  4323 | D:5      | Reached skill level 7 in Fighting
  4435 | D:5      | Found a glowing golden altar of the Shining One.
  4470 | D:5      | Reached skill level 8 in Fighting
  4611 | D:5      | Found Ygoef's Distillery.
  4845 | D:5      | Reached skill level 9 in Fighting
  4845 | D:5      | Reached XP level 9. HP: 60/60 MP: 9/9
  4869 | D:5      | Found a transporter.
  4870 | D:5      | Noticed xian's ghost (novice DrCj)
  5194 | D:6      | Reached skill level 10 in Fighting
  5194 | D:6      | Reached skill level 3 in Dodging
  5308 | D:6      | You pick up a book of Ice and begin reading...
  5317 | D:6      | Reached skill level 4 in Dodging
  5366 | D:6      | Found a runed translucent door.
  5367 | D:6      | Noticed OTABOTABOTAB's ghost (novice DrTm)
  5369 | D:6      | Identified the ring "Okaph" {Will+ EV+4 Int-2 Dex+4}
  5548 | D:6      | Reached skill level 5 in Dodging
  5740 | D:6      | Reached skill level 6 in Dodging
  5915 | D:6      | Found a shimmering altar of Xom.
  5922 | D:6      | Found a burning altar of Makhleb.
  5927 | D:6      | Found a hide-covered altar of Uskayaw.
  6113 | D:7      | Reached skill level 7 in Dodging
  6131 | D:7      | Found Ohegger's Weapon Boutique.
  6248 | D:7      | Reached skill level 8 in Dodging
  6260 | D:7      | Reached XP level 10. HP: 55/68 MP: 10/10
  6750 | D:7      | Reached skill level 9 in Dodging
  7142 | D:7      | Reached skill level 10 in Dodging
  7508 | D:7      | Reached skill level 1 in Evocations
  7511 | D:7      | Reached skill level 3 in Stealth
  7719 | D:8      | Reached skill level 4 in Stealth
  7719 | D:8      | Reached skill level 2 in Evocations
  7768 | D:8      | Noticed a red ugly thing
  7782 | D:8      | Killed a red ugly thing
  7783 | D:8      | Reached skill level 5 in Stealth
  7783 | D:8      | Reached skill level 3 in Evocations
  7908 | D:8      | Noticed Joseph
  7909 | D:8      | Noticed Erica
  7931 | D:8      | Killed Erica
  7932 | D:8      | Reached skill level 6 in Stealth
  7932 | D:8      | Reached skill level 4 in Evocations
  8428 | D:8      | Noticed Psyche
  8438 | D:8      | Killed Psyche
  8439 | D:8      | Reached skill level 5 in Evocations
  8575 | D:8      | Reached skill level 7 in Stealth
  8834 | D:8      | Killed Joseph
  9162 | D:9      | Reached skill level 6 in Evocations
  9263 | D:9      | Noticed a two-headed ogre
  9292 | D:9      | Killed a two-headed ogre
  9293 | D:9      | Reached skill level 8 in Stealth
  9293 | D:9      | Reached XP level 11. HP: 56/72 MP: 11/11
  9391 | D:9      | Reached skill level 7 in Evocations
  9402 | D:9      | Reached skill level 9 in Stealth
  9494 | D:9      | Reached skill level 10 in Stealth
  9494 | D:9      | Reached skill level 8 in Evocations
  9714 | D:9      | Found a staircase to the Lair.
  9948 | D:9      | Noticed a two-headed ogre
  9953 | D:9      | Killed a two-headed ogre
  9954 | D:9      | Reached skill level 9 in Evocations
 10459 | D:10     | Entered Level 10 of the Dungeon
 10498 | D:10     | Noticed a two-headed ogre
 10507 | D:10     | Reached skill level 10 in Evocations
 10513 | D:10     | Killed a two-headed ogre
 10718 | D:10     | Noticed a vault guard
 10728 | D:10     | Killed a vault guard
 10729 | D:10     | Reached skill level 11 in Evocations
 10928 | D:10     | Found a portal to a secret trove of treasure.
 11024 | D:10     | This trove needs 6 scrolls of blinking to function. Give it
                  | the items?
 11140 | D:10     | Noticed Erolcha
 11147 | D:10     | Killed Erolcha
 11148 | D:10     | Reached skill level 12 in Evocations
 11148 | D:10     | Reached XP level 12. HP: 77/77 MP: 12/12
 11919 | D:11     | Found a staircase to the Orcish Mines.
 12009 | D:11     | Reached skill level 13 in Evocations
 12252 | D:11     | Noticed a two-headed ogre
 12258 | D:11     | Killed a two-headed ogre
 12341 | D:11     | Noticed a boulder beetle
 12727 | D:11     | Reached skill level 14 in Evocations
 13060 | D:11     | HP: 6/77 [boulder beetle (18)]
 13345 | D:11     | Killed a boulder beetle
 13848 | Orc:1    | Entered Level 1 of the Orcish Mines
 13849 | Orc:1    | Noticed Snorg
 13873 | D:11     | Killed Snorg
 14219 | Orc:1    | Reached skill level 15 in Evocations
 14394 | Orc:2    | Entered Level 2 of the Orcish Mines
 14410 | Orc:2    | Reached skill level 1 in Armour
 14450 | Orc:1    | HP: 12/77 [orc knight/+0 battleaxe (18)]
 14456 | Orc:1    | HP: 12/77 [orc knight/+0 battleaxe (9)]
 14457 | Orc:1    | Demolished by an orc knight

Vanquished Creatures
  Snorg (D:11)
  A vault guard (D:10)
  Erolcha (D:10)
  A boulder beetle (D:11)
  Erica (D:8)
  4 two-headed ogres
  An ugly thing (D:8)
  Joseph (D:8)
  3 unseen horrors
  Psyche (D:8)
  A tengu conjurer (D:11)
  3 trolls
  Prince Ribbit (D:5)
  A wraith (D:11)
  A water elemental (D:11)
  12 yaks
  A wyvern (D:9)
  3 steam dragons
  2 acid dragons
  3 water moccasins
  Duvessa (D:4)
  8 orc warriors
  2 sky beasts
  Pargi (Sewer)
  2 black bears (D:6)
  An ice beast (D:7)
  2 ogres (D:6)
  4 centaurs
  2 kobold brigands (D:9)
  5 scorpions
  2 bullfrogs (D:9)
  A necrophage (D:4)
  3 gnoll sergeants
  11 wights
  Dowan (D:4)
  5 killer bees (D:9)
  7 howler monkeys
  3 electric eels (D:11)
  A gnoll shaman (D:8)
  2 jellies (D:5)
  5 orc priests
  2 hounds (D:5)
  6 iguanas
  14 orc wizards
  17 gnolls
  13 adders
  A shadow imp (D:6)
  5 worms
  5 dart slugs
  46 orcs
  4 ball pythons
  12 bats
  7 endoplasms
  3 giant cockroaches
  5 goblins
  5 hobgoblins
  6 jackals (D:3)
  6 quokkas
  5 frilled lizards
  16 kobolds
  5 rats
295 creatures vanquished.

Table legend:
 A = Non-vault XP
 B = Vault XP
 C = Vault XP percentage of total XP
 D = Non-vault monster count
 E = Vault monster count
 F = Vault count percentage of total count
                 A         B        C        D         E       F
            +---------+---------+-------+---------+---------+-------
      Total |   17744 |    5517 |  23.7 |     240 |      55 |  18.6
            +---------+---------+-------+---------+---------+-------
        D:1 |      22 |       6 |  21.4 |      14 |       3 |  17.6
        D:2 |      32 |       0 |   0.0 |      12 |       0 |   0.0
        D:3 |      52 |      65 |  55.6 |      17 |      16 |  48.5
        D:4 |     317 |     223 |  41.3 |      16 |       2 |  11.1
        D:5 |     985 |     268 |  21.4 |      20 |       1 |   4.8
        D:6 |    1157 |       0 |   0.0 |      19 |       0 |   0.0
        D:7 |    1605 |       0 |   0.0 |      35 |       0 |   0.0
        D:8 |    1137 |    1469 |  56.4 |      17 |       3 |  15.0
        D:9 |    4013 |       0 |   0.0 |      30 |       0 |   0.0
       D:10 |    2965 |    1759 |  37.2 |      17 |       2 |  10.5
       D:11 |    4586 |    1592 |  25.8 |      29 |      22 |  43.1
      Orc:1 |     702 |       0 |   0.0 |      10 |       0 |   0.0
      Orc:2 |     171 |       0 |   0.0 |       4 |       0 |   0.0
      Sewer |       0 |     135 | 100.0 |       0 |       6 | 100.0
            +---------+---------+-------+---------+---------+-------

Illustrated notes

Table legend:
 A = Kills in this place as a percentage of kills in entire the game.
 B = Kills by you in this place as a percentage of kills by you in the entire game.
 C = Kills by friends in this place as a percentage of kills by friends in the entire game.
 D = Other kills in this place as a percentage of other kills in the entire game.
 E = Experience gained in this place as a percentage of experience gained in the entire game.
 F = Experience gained in this place divided by the number of levels of this place that you have seen.
                   A       B       C       D       E      F
               +-------+-------+-------+-------+-------+----------------------
         Total | 100.0 | 100.0 |   N/A |   N/A | 100.0 | 1661.5
       Dungeon |  93.2 |  93.2 |   N/A |   N/A |  95.7 | 2023.0
  Orcish Mines |   4.7 |   4.7 |   N/A |   N/A |   3.8 | 436.5
         Sewer |   2.0 |   2.0 |   N/A |   N/A |   0.6 | 135.0
               +-------+-------+-------+-------+-------+----------------------

Table legend: (Time is in decaauts)
 A = Elapsed time spent in this place.
 B = Non-inter-level travel time spent in this place.
 C = Inter-level travel time spent in this place.
 D = Time resting spent in this place.
 E = Time spent auto-exploring this place.
 F = Levels seen in this place.
 G = Mean time per level.
                   A        B        C        D        E       F      G
               +--------+--------+--------+--------+--------+-----+--------+
         Total |  14543 |  13726 |    817 |   1297 |  10355 |  14 | 1038.8 |
       Dungeon |  13949 |  13145 |    804 |   1297 |   9915 |  11 | 1268.1 |
  Orcish Mines |    422 |    410 |     12 |      0 |    300 |   2 |  211.0 |
         Sewer |    170 |    170 |      0 |      0 |    140 |   1 |  170.0 |
               +--------+--------+--------+--------+--------+-----+--------+

Top non-repeatable levels by time:
    D:11: 2644 daAuts
     D:7: 2035 daAuts
     D:4: 1411 daAuts
     D:9: 1320 daAuts
     D:5: 1128 daAuts
     D:8: 1096 daAuts
     D:3: 1035 daAuts
     D:6: 946 daAuts
    D:10: 944 daAuts
     D:2: 904 daAuts
     D:1: 481 daAuts
   Orc:1: 401 daAuts
   Sewer: 170 daAuts
   Orc:2: 20 daAuts
